 Dungeon Crawl Stone Soup version 0.29.0-4-gdea44cf6ec (webtiles) character file.

Game seed: 6358099222738488392

697 concernfroge the Fighter (level 7, -4/63 HPs)
             Began as a Mummy Monk on Aug 28, 2022.
             Was a Priest of Okawaru.
             Slain by a gnoll bouda
             ... wielding a +0 whip
              (8 damage)
             ... on level 5 of the Dungeon.
             The game lasted 00:15:12 (5681 turns).

concernfroge the Fighter (Mummy Monk)               Turns: 5681, Time: 00:15:13

Health: -4/63      AC: 13    Str: 22    XL:     7   Next: 37%
Magic:  8/8        EV:  8    Int: 13    God:    Okawaru [***...]
Gold:   112        SH: 11    Dex: 18    Spells: 6/6 levels left

rFire   x . .      SeeInvis .   f - +8 club (protect)
rCold   + . .      Faith    .   j - +0 tower shield
rNeg    + + +      Spirit   .   g - +1 leather armour of Qaalec {Str+6 Int+4 Dex+3}
rPois   ∞          Reflect  .   p - +0 helmet
rElec   .          Harm     .   k - +0 cloak
rCorr   .          Rampage  .   (no gloves)
Will    .....                   (no boots)
Stlth   ++........              (no amulet)
HPRegen 0.20/turn               (no ring)
MPRegen 0.11/turn               (no ring)

@: weakened, under a protective aura
A: cold resistance 1, negative energy resistance 3, torment resistance 2, heat
vulnerability 1, in touch with death 1, no potions
a: Renounce Religion, Heroism


You were on level 5 of the Dungeon.
You worshipped Okawaru.
Okawaru was most pleased with you.
You visited 2 branches of the dungeon, and saw 6 of its levels.
You also visited: Sewer.

You collected 112 gold pieces.

Inventory:

Hand Weapons
 a - a +0 spear
 f - a +8 club of protection (weapon)
Missiles
 b - 10 poisoned darts (quivered)
 d - 3 atropa-tipped darts
Armour
 g - the +1 leather armour of Qaalec (worn) {Str+6 Int+4 Dex+3}
   (You found it on level 3 of the Dungeon)

   Str:       It affects your strength (+6).
   Int:       It affects your intelligence (+4).
   Dex:       It affects your dexterity (+3).
 j - a +0 tower shield (worn)
 k - a +0 cloak (worn)
 n - a +0 chain mail
 p - a +0 helmet (worn)
Scrolls
 c - 2 scrolls of amnesia
 h - 2 scrolls of magic mapping
 i - 2 scrolls of noise
 l - 2 scrolls of vulnerability


   Skills:
 + Level 8.3 Fighting
 - Level 2.4 Polearms
 - Level 2.4 Dodging
 - Level 1.5 Stealth
 - Level 2.0 Invocations


You had 6 spell levels left.
You didn't know any spells.
Your spell library contained the following spells:

 Spells                   Type           Power      Damage    Failure   Level
 Blink                    Tloc           0%         N/A       100%        2
 Gell's Gravitas          Tloc           0%         N/A       100%        3
 Ignite Poison            Fire/Tmut/Pois 0%         N/A       100%        3
 Mephitic Cloud           Conj/Pois/Air  0%         N/A       100%        3
 Teleport Other           Tloc           0%         N/A       100%        3
 Freezing Cloud           Conj/Ice/Air   0%         6-21      100%        5
 Manifold Assault         Tloc           0%         N/A       100%        5
 Dispersal                Tloc           0%         N/A       100%        6
 Storm Form               Tmut/Air       Unusable   N/A       N/A         7

Dungeon Overview and Level Annotations

Branches:
Dungeon (5/15)             Temple (1/1) D:4           Sewer (visited)

Altars:
Cheibriados
Dithmenos
Makhleb
Nemelex Xobeh
Okawaru
Qazlal
Ru
Sif Muna
Vehumet
Xom
Yredelemnul


Innate Abilities, Weirdness & Mutations

You are immune to poison.
Your flesh is cold resistant. (rC+)
You are immune to negative energy. (rN+++)
You are immune to unholy pain and torment.
You are vulnerable to heat. (rF-)
You are in touch with the powers of death.
You do not drink.


Message History

The gnoll bouda mumbles some strange prayers to its god.
The gnoll bouda is healed somewhat.
You closely miss the gnoll bouda.
The gnoll bouda is moderately wounded.
The gnoll bouda hits you but does no damage.
The gnoll bouda hits you with a +0 whip!
* * * LOW HITPOINT WARNING * * *
You sock the gnoll bouda!
The gnoll bouda is severely wounded.
The gnoll bouda closely misses you.
The gnoll bouda hits you but does no damage.
You hit the gnoll bouda but do no damage.
The gnoll bouda is severely wounded.
The gnoll bouda gazes fiercely through you!
You feel your attacks grow feeble. You block the gnoll bouda's attack.
You barely miss the gnoll bouda.
The gnoll bouda is severely wounded.
The gnoll bouda hits you but does no damage.
The gnoll bouda utters an invocation to its god.
The gnoll bouda is healed somewhat.
You hit the gnoll bouda but do no damage.
The gnoll bouda is heavily wounded.
The gnoll bouda hits you with a +0 whip!
* * * LOW HITPOINT WARNING * * *
You block the gnoll bouda's attack.
You hit the gnoll bouda but do no damage.
The gnoll bouda is heavily wounded.
The gnoll bouda hits you but does no damage.
The gnoll bouda gazes fiercely through you!
You feel as though you will be weak longer.
The gnoll bouda barely misses you.
You hit the gnoll bouda but do no damage.
The gnoll bouda is heavily wounded.
You block the gnoll bouda's attack.
You barely miss the gnoll bouda.
The gnoll bouda is heavily wounded.
You block the gnoll bouda's attack.
The gnoll bouda hits you with a +0 whip!
You die...

#(.# .....## #.##
c..#...# #.#
Y..#...# #)# ..
#..## #.###.####.. #
## ####........ ###
... #.(.cg......
##.. ....
#g##.....(.# ##...
#...# ###@##.(c(####
#..##
#.!..###...##.####
##..##
#........####..
#...#. ## .###...##
#). #...#. ###..
###.## #.(. ##.....
......####...####.##
#....##
#......).......#
#....#
##..#######.####
...#....## # ###
..........


You could see a gnoll bouda.

Vanquished Creatures
  2 centaurs (D:5)
  A scorpion (D:5)
  A jelly (D:4)
  3 hounds
  An orc priest (D:4)
  Jessica (D:2)
  2 iguanas (D:5)
  An orc wizard (D:5)
  9 adders
  4 shadow imps (D:5)
  A white imp (D:5)
  2 ufetubi (D:5)
  3 worms
  2 dart slugs
  9 orcs
  6 ball pythons
  5 endoplasms
  6 goblins
  6 hobgoblins
  7 jackals
  6 kobolds
  5 quokkas
  4 bats
  2 frilled lizards (Sewer)
  8 rats
97 creatures vanquished.

Notes
Turn   | Place    | Note
-------+----------+-------------------------------------------
     0 | D:1      | concernfroge the Mummy Monk began the quest for the Orb.
     0 | D:1      | Reached XP level 1. HP: 18/18 MP: 1/1
   327 | D:1      | Reached XP level 2. HP: 14/24 MP: 2/2
   857 | D:1      | Reached skill level 4 in Fighting
  1487 | D:2      | Gained mutation: You are in touch with the powers of death.
                  | [Mummy growth]
  1487 | D:2      | Reached XP level 3. HP: 30/30 MP: 3/3
  2088 | D:2      | Noticed Jessica
  2094 | D:2      | Killed Jessica
  2095 | D:2      | Reached skill level 5 in Fighting
  2095 | D:2      | Reached XP level 4. HP: 19/39 MP: 4/4
  3364 | D:3      | Found a glowing drain.
  3374 | Sewer    | Entered a sewer
  3405 | Sewer    | Reached XP level 5. HP: 42/46 MP: 5/5
  3545 | Sewer    | Noticed Pargi
  3743 | D:3      | Reached skill level 6 in Fighting
  3784 | D:3      | Identified the +1 leather armour of Qaalec {Str+6 Int+4
                  | Dex+3}
  4047 | D:4      | Found a staircase to the Ecumenical Temple.
  4056 | Temple   | Entered the Ecumenical Temple
  4056 | Temple   | Found a transporter.
  4056 | Temple   | Found a transporter.
  4058 | Temple   | Found a transporter.
  4058 | Temple   | Found a transporter.
  4080 | Temple   | Became a worshipper of Warmaster Okawaru
  4080 | Temple   | Reached * piety under Okawaru
  4080 | Temple   | Reached ** piety under Okawaru
  4240 | D:4      | Reached skill level 1 in Invocations
  4686 | D:4      | Reached XP level 6. HP: 53/53 MP: 6/6
  5039 | D:5      | Entered Level 5 of the Dungeon
  5256 | D:5      | Reached skill level 7 in Fighting
  5272 | D:5      | Reached XP level 7. HP: 28/61 MP: 8/8
  5606 | D:5      | Reached *** piety under Okawaru
  5607 | D:5      | Reached skill level 8 in Fighting
  5678 | D:5      | HP: 2/63 [gnoll bouda/+0 whip (8)]
  5681 | D:5      | Slain by a gnoll bouda

Illustrated notes

Levels and vault maps discovered:
D:1:      minmay_arrival_hallway, layout_loops_ring
D:2:      layout_loops_corners, minmay_pentomino_u2, uniq_jessica
D:3:      layout_loops_ring, tso_altar, cheibrodos_sewer_entry_bend
D:4:      layout_basic, nicolae_overflow_hidden_temple,
          minmay_temple_entry_drinking_statues, uniq_menkaure
D:5:      minmay_recursive_quarters, layout_layer_cave
Temple:   hellmonk_temple_divided_pantheon

Skill      XL: |  1  2  3  4  5  6  7 |
---------------+----------------------+-----
Fighting       | 4 5 6 7 8 |  8.3
Invocations    | 1 2 |  2.0
Polearms       | |  2.4
Dodging        | |  2.4
Stealth        | |  1.5

Action                   |  1- 3 |  4- 6 |  7- 9 || total
-------------------------+-------+-------+-------++-------
Melee: Spear             |   144 |       |       ||   144
       Punch             |     1 |       |       ||     1
       Club              |       |   142 |    47 ||   189
Throw: Dart              |     4 |     9 |    10 ||    23
  Use: Scroll            |       |     8 |     2 ||    10
 Stab: Sleeping          |     9 |     1 |       ||    10
       Distracted        |     1 |     1 |       ||     2
       Invisible         |     1 |       |       ||     1
Armor: Robe              |     6 |       |       ||     6
       Leather armour    |    10 |    54 |    43 ||   107
Dodge: Dodged            |    61 |    69 |    29 ||   159
Block: Tower shield      |       |    79 |    47 ||   126
